 Dungeon Crawl Stone Soup version 0.24.0-37-gcf1ca852f1 (webtiles) character file.

Game seed: 14884668054563348435, levelgen mode: deterministic

2270 FishyPogo the Magician (level 9, -1/103 HPs)
             Began as a Gnoll Skald on Dec 6, 2019.
             Slain by a yak (6 damage)
             ... on level 7 of the Dungeon.
             The game lasted 00:16:04 (4405 turns).

FishyPogo the Magician (Gnoll Skald)                Turns: 4405, Time: 00:16:05

Health: -1/103     AC: 24    Str: 20    XL:     9   Next: 38%
Magic:  1/18       EV:  2    Int: 15    God:
Gold:   413        SH:  5    Dex: 17    Spells: 10/21 levels left

rFire    . . .     SeeInvis .   a - +0 hand axe
rCold    . . .     Gourm    +   x - +0 buckler
rNeg     + + +     Faith    .   (armour currently unavailable)
rPois    +         Spirit   .   (helmet currently unavailable)
rElec    .         Reflect  .   (cloak currently unavailable)
rCorr    .         Harm     .   (gloves currently unavailable)
MR       .....     NoTele   +   (boots currently unavailable)
Stlth    +++.......             z - amulet of the gourmand
HPRegen  0.27/turn              s - ring of flight
MPRegen  0.16/turn              A - ring of teleportation (curse)

@: mighty, tree-form
A: distributed training, strong nose
a: no special abilities


You were on level 7 of the Dungeon.
You were not hungry.
You were a tree.
You visited 1 branch of the dungeon, and saw 7 of its levels.

You collected 413 gold pieces.

Inventory:

Hand Weapons
 a - a +0 hand axe (weapon)
Missiles
 k - 7 curare-tipped darts (quivered)
 m - 140 stones
 t - 3 boomerangs
Armour
 b - a +0 leather armour (melded)
 v - a +0 pair of gloves (melded)
 x - a +0 buckler (worn)
 y - a +0 cloak (melded)
 B - a +0 helmet (melded)
Jewellery
 c - an uncursed amulet of rage
 s - a ring of flight (left branch)
 z - an amulet of the gourmand (around neck)
 A - a cursed ring of teleportation (right branch)
Wands
 j - a wand of paralysis (9)
Scrolls
 e - 3 scrolls of fear {unknown}
 f - 2 scrolls of immolation {unknown}
 i - 5 scrolls of remove curse
 l - a scroll of blinking {unknown}
 o - 4 scrolls of identify
 p - 2 scrolls of teleportation {unknown}
 u - a scroll of random uselessness {unknown}
Potions
 g - a potion of might
 h - 2 potions of invisibility
 n - 2 potions of heal wounds
 w - a potion of curing
Comestibles
 d - 9 rations


   Skills:
 + Level 6.2 Fighting
 + Level 4.1 Short Blades
 + Level 4.1 Long Blades
 + Level 6.2 Axes
 + Level 4.1 Maces & Flails
 + Level 4.1 Polearms
 + Level 4.1 Staves
 + Level 4.1 Slings
 + Level 4.1 Bows
 + Level 4.1 Crossbows
 + Level 4.1 Throwing
 + Level 4.9 Armour
 + Level 6.2 Dodging
 + Level 4.1 Stealth
 + Level 4.1 Shields
 + Level 4.1 Unarmed Combat
 + Level 6.5 Spellcasting
 + Level 3.4 Conjurations
 + Level 3.4 Hexes
 + Level 6.5 Charms
 + Level 3.4 Summonings
 + Level 3.4 Necromancy
 + Level 3.4 Translocations
 + Level 3.4 Transmutations
 + Level 3.4 Fire Magic
 + Level 3.4 Ice Magic
 + Level 3.4 Air Magic
 + Level 3.4 Earth Magic
 + Level 3.4 Poison Magic
 + Level 4.5 Invocations
 + Level 4.1 Evocations


You had 10 spell levels left.
You knew the following spells:

 Your Spells              Type           Power        Failure   Level  Hunger
h - Regeneration          Chrm/Necr      ###.......   5%          3    ##.....
n - Spectral Weapon       Hex/Chrm       ###.....     5%          3    ##.....
p - Shroud of Golubria    Chrm/Tloc      ###...       2%          2    #......
u - Song of Slaying       Chrm           ###.....     1%          2    #......
y - Infusion              Chrm           ###.         1%          1    None

Your spell library contained the following spells:

 Spells                   Type           Power        Failure   Level  Hunger
 Freeze                   Ice            ###.         3%          1    None
 Throw Frost              Conj/Ice       ###...       5%          2    #......
 Ozocubu's Armour         Chrm/Ice       ###.....     5%          3    ##.....
 Summon Ice Beast         Ice/Summ       ###.....     34%         4    ####...
 Throw Icicle             Conj/Ice       ###.....     34%         4    ####...


Dungeon Overview and Level Annotations

Branches:
Dungeon (7/15)             Temple (0/1) D:7

Altars:
Kikubaaqudgha

Shops:
D:4 }


Innate Abilities, Weirdness & Mutations

Your experience applies equally to all skills.
((You have very sharp teeth.))
Your uncanny sense of smell can sniff out nearby items.


Message History

The spriggan baker hits you but does no damage.
The scorpion stings you but does no damage.
Okay, then.
As you read the scroll labeled NOMPE NUOMIS, it crumbles to dust.
You feel aware of your surroundings.
It was a scroll of magic mapping.
You are no longer magically infusing your attacks.
The bullfrog hits you but does no damage.
The yak gores you but does no damage.
The hippogriff bites you but does no damage.
The hippogriff pecks you but does no damage.
The hippogriff claws you but does no damage.
The leopard gecko bites you but does no damage.
The spriggan baker hits you but does no damage.
You block the bullfrog's attack.
The scorpion stings you but does no damage.
As you read the scroll labeled GUYLIQ MEKER, it crumbles to dust.
It is a scroll of identify.
i - 5 scrolls of remove curse The yak gores you.
You die...

,,,,,**,,,,,,,,,***,,*****,** **,
***,**,,,,.##...,.#*....,,,,* **
,,,,,,,,,,,.....#.##....,,,,*
**,*,,,,,,,,............,,,,**
,,,,,,,,,,,,,...........,,,,,***
***,*,,,**,,,,..........,,,,,,,**
,,,,,,,,,,,,,,,.YF....,,,,,,,,,,*
*,,,,,,,,,,,,,*#sH.#*******,,,,,*
,,,,,*,,,,,,,,*#♣Yr#**** *,,,,,*
,,,,,,,,,.....silFZ.?..# **,,,,*
,,,,,,,,,......SY......#*****,***
,,,**,,,,...............,,,,*,,,*
,,,***,,,...............,,,,,,,,,
,,,,,,,,,...............,<,,**,*,
,,,,,*,,,...............,,,,**,,,
,,,,,*,,,............$..,,,,,**,,
,,,,,,,*,*****,,,,,,,,,,,,,,,,,,,


You could see a hippogriff, a yak, 2 sky beasts, a spriggan baker, 2 bullfrogs,
2 scorpions, an adder, a leopard gecko zombie, a leopard gecko and a quokka.

Vanquished Creatures
  Sigmund (D:3)
  3 yaks (D:7)
  Duvessa (D:5)
  A sky beast (D:5)
  An ogre (D:4)
  A phantom (D:4)
  2 centaurs (D:6)
  2 bullfrogs
  Dowan (D:5)
  2 scorpions
  2 howler monkeys
  A crimson imp (D:5)
  A jelly (D:5)
  2 hounds (D:6)
  3 orc wizards (D:4)
  2 orc priests
  2 centaur skeletons
  5 worker ants
  A killer bee zombie (D:5)
  A hound skeleton (D:6)
  11 adders
  11 gnolls
  2 shadow imps
  2 oozes
  6 worms
  2 dart slugs (D:3)
  3 leopard geckos
  5 orcs (D:4)
  5 giant cockroaches
  8 goblins
  4 hobgoblins
  5 jackals
  2 kobolds (D:3)
  2 quokkas
  7 bats
  7 frilled lizards
  2 jackal skeletons (D:4)
  2 quokka skeletons (D:5)
  7 rats
128 creatures vanquished.

Vanquished Creatures (others)
  2 spectral weapons (D:7)
2 creatures vanquished.

Grand Total: 130 creatures vanquished

Notes
Turn   | Place    | Note
-------+----------+-------------------------------------------
     0 | D:1      | FishyPogo the Gnoll Skald began the quest for the Orb.
     0 | D:1      | Reached XP level 1. HP: 20/20 MP: 6/6
    89 | D:2      | Reached XP level 2. HP: 19/26 MP: 5/7
   366 | D:3      | Reached XP level 3. HP: 30/31 MP: 9/9
   374 | D:3      | Reached skill level 5 in Spellcasting
   400 | D:3      | Learned a level 2 spell: Song of Slaying
   403 | D:3      | Learned a level 2 spell: Shroud of Golubria
   407 | D:3      | Learned a level 3 spell: Regeneration
   411 | D:3      | Learned a level 3 spell: Spectral Weapon
   485 | D:3      | Noticed Sigmund
   505 | D:3      | Killed Sigmund
   505 | D:3      | Reached skill level 1 in Short Blades
   505 | D:3      | Reached skill level 1 in Long Blades
   505 | D:3      | Reached skill level 1 in Maces & Flails
   505 | D:3      | Reached skill level 1 in Polearms
   505 | D:3      | Reached skill level 1 in Staves
   505 | D:3      | Reached skill level 1 in Slings
   505 | D:3      | Reached skill level 1 in Bows
   505 | D:3      | Reached skill level 1 in Crossbows
   505 | D:3      | Reached skill level 1 in Throwing
   505 | D:3      | Reached skill level 1 in Stealth
   505 | D:3      | Reached skill level 1 in Shields
   505 | D:3      | Reached skill level 1 in Unarmed Combat
   505 | D:3      | Reached skill level 1 in Conjurations
   505 | D:3      | Reached skill level 1 in Hexes
   505 | D:3      | Reached skill level 1 in Summonings
   505 | D:3      | Reached skill level 1 in Necromancy
   505 | D:3      | Reached skill level 1 in Translocations
   505 | D:3      | Reached skill level 1 in Transmutations
   505 | D:3      | Reached skill level 1 in Fire Magic
   505 | D:3      | Reached skill level 1 in Ice Magic
   505 | D:3      | Reached skill level 1 in Air Magic
   505 | D:3      | Reached skill level 1 in Earth Magic
   505 | D:3      | Reached skill level 1 in Poison Magic
   505 | D:3      | Reached skill level 1 in Invocations
   505 | D:3      | Reached skill level 1 in Evocations
   505 | D:3      | Reached XP level 4. HP: 25/38 MP: 4/11
   505 | D:3      | Reached XP level 5. HP: 28/43 MP: 4/12
   925 | D:2      | Reached XP level 6. HP: 43/50 MP: 13/13
  1606 | D:2      | Reached skill level 5 in Fighting
  1606 | D:2      | Reached skill level 5 in Axes
  1606 | D:2      | Reached skill level 5 in Dodging
  2027 | D:4      | Noticed a phantom
  2046 | D:4      | Killed a phantom
  2046 | D:4      | Reached XP level 7. HP: 34/56 MP: 0/15
  2142 | D:4      | Found Souwk's Gadget Boutique.
  2652 | D:5      | Entered Level 5 of the Dungeon
  2721 | D:5      | Noticed Duvessa
  2721 | D:5      | Noticed Dowan
  2741 | D:5      | Killed Duvessa
  2741 | D:5      | Reached XP level 8. HP: 25/63 MP: 0/16
  2753 | D:5      | Killed Dowan
  3717 | D:6      | Found an ancient bone altar of Kikubaaqudgha.
  4337 | D:6      | Reached XP level 9. HP: 48/69 MP: 18/18
  4403 | D:7      | HP: 4/103 [hippogriff (2)]
  4405 | D:7      | Slain by a yak

Levels and vault maps discovered:
D:1:      nzn_arrival_water_spiral, layout_rooms
D:2:      layout_basic
D:3:      layout_basic, first_ration, uniq_sigmund
D:4:      layout_basic, serial_shops, kennysheep_mini_moat
D:5:      minmay_recursive_quarters, layout_basic, uniq_duvessa
D:6:      layout_cave_pools, serial_column_ruins, column_ruins_square_medium,
          column_ruins_temple_circle, column_ruins_grid_3, column_ruins_grid_1,
          column_ruins_grid_3, column_ruins_grid_1, minmay_misc_feat_iff,
          minmay_between
D:7:      layout_rooms, minmay_temple_entry_glass, the_bakery

Skill      XL: |  1  2  3  4  5  6  7  8  9 |
---------------+----------------------------+-----
Spellcasting   | 5 6 |  6.5
Short Blades   | 1 2 3 4 |  4.1
Long Blades    | 1 2 3 4 |  4.1
Maces & Flails | 1 2 3 4 |  4.1
Polearms       | 1 2 3 4 |  4.1
Staves         | 1 2 3 4 |  4.1
Slings         | 1 2 3 4 |  4.1
Bows           | 1 2 3 4 |  4.1
Crossbows      | 1 2 3 4 |  4.1
Throwing       | 1 2 3 4 |  4.1
Armour         | 3 4 |  4.9
Stealth        | 1 2 3 4 |  4.1
Shields        | 1 2 3 4 |  4.1
Unarmed Combat | 1 2 3 4 |  4.1
Conjurations   | 1 2 3 |  3.4
Hexes          | 1 2 3 |  3.4
Summonings     | 1 2 3 |  3.4
Necromancy     | 1 2 3 |  3.4
Translocations | 1 2 3 |  3.4
Transmutations | 1 2 3 |  3.4
Fire Magic     | 1 2 3 |  3.4
Ice Magic      | 1 2 3 |  3.4
Air Magic      | 1 2 3 |  3.4
Earth Magic    | 1 2 3 |  3.4
Poison Magic   | 1 2 3 |  3.4
Invocations    | 1 2 3 4 |  4.5
Evocations     | 1 2 3 4 |  4.1
Fighting       | 5 6 |  6.2
Axes           | 5 6 |  6.2
Dodging        | 5 6 |  6.2
Charms         | 6 |  6.5

Action                   |  1- 3 |  4- 6 |  7- 9 || total
-------------------------+-------+-------+-------++-------
Melee: Hand axe          |    53 |   179 |   272 ||   504
       Bite              |     1 |    22 |    47 ||    70
       Punch             |       |     1 |     1 ||     2
 Cast: Infusion          |     3 |     6 |     5 ||    14
       Spectral Weapon   |     2 |       |    24 ||    26
       Regeneration      |     1 |       |     8 ||     9
       Song of Slaying   |       |     3 |     3 ||     6
       Shroud of Golubri |       |     1 |     1 ||     2
  Use: Scroll            |     1 |       |     2 ||     3
       Potion            |       |       |     6 ||     6
 Stab: Sleeping          |       |     4 |     5 ||     9
       Distracted        |       |       |     2 ||     2
       Invisible         |       |       |     2 ||     2
  Eat: Chunk             |       |     4 |    23 ||    27
Armor: Leather armour    |    11 |    34 |    41 ||    86
       Skin              |       |       |    48 ||    48
Dodge: Dodged            |    43 |   129 |   221 ||   393
Block: Buckler           |       |       |    51 ||    51
